 Dungeon Crawl Stone Soup version 0.21.1-1-g345015f (webtiles) character file.

66 wilfster70 the Twirler (level 3, -1/28 HPs)
             Began as a Demonspawn Gladiator on July 4, 2018.
             Was an Initiate of Qazlal.
             Slain by an ogre
             ... wielding a +0 giant spiked club
              (24 damage)
             ... on level 3 of the Dungeon.
             The game lasted 00:07:25 (1757 turns).

wilfster70 the Twirler (Demonspawn Gladiator)       Turns: 1757, Time: 00:07:26

Health: -1/28      AC: 11    Str: 15    XL:     3   Next: 96%
Magic:  3/3        EV:  9    Int:  9    God:    Qazlal [......]
Gold:   79         SH:  0    Dex: 14    Spells: 2/2 levels left

rFire    . . .     SeeInvis .   a - +1 quarterstaff
rCold    . . .     Gourm    .   (shield currently unavailable)
rNeg     . . .     Faith    .   v - +0 chain mail
rPois    .         Spirit   .   c - +0 helmet
rElec    .         Reflect  .   (no cloak)
rCorr    .         Harm     .   l - +1 pair of gloves
MR       .....                  (no boots)
Stlth    ..........             (no amulet)
HPRegen  0.09/turn              (no ring)
MPRegen  0.08/turn              (no ring)

@: no status effects
A: repulsion field 1
a: Renounce Religion


You were on level 3 of the Dungeon.
You worshipped Qazlal.
Qazlal was noncommittal.
You were not hungry.

You visited 1 branch of the dungeon, and saw 3 of its levels.

You collected 79 gold pieces.

Inventory:

Hand Weapons
 a - a +1 quarterstaff (weapon)
 b - a +0 hunting sling
Missiles
 d - 3 throwing nets (quivered)
 h - 69 stones
Armour
 c - a +0 helmet (worn)
 l - a +1 pair of gloves (worn)
 v - a +0 chain mail (worn)
Jewellery
 s - an uncursed ring of protection from magic {unknown}
Scrolls
 e - a scroll of identify
 o - a scroll of remove curse
Potions
 j - 2 potions of curing
 m - a potion of degeneration
 p - a potion of lignification
 r - a potion of flight {unknown}
Comestibles
 f - 8 rations


   Skills:
 + Level 2.5 Fighting
 * Level 3.5 Staves
 - Level 1.7 Throwing
 + Level 1.2 Armour
 + Level 3.1 Dodging


You had 2 spell levels left.
You didn't know any spells.

Dungeon Overview and Level Annotations

Branches:
Dungeon (3/15)

Altars:
Elyvilon
Fedhas
Qazlal
Zin


Innate Abilities, Weirdness & Mutations

You are surrounded by a mild repulsion field. (EV +2)


Message History

Eating a chunk of flesh.
You eat the chunk of flesh.
This raw flesh tastes terrible.
There is a stone staircase leading down here.
e - a scroll of identify
Found a scroll of amnesia.
Found a stone staircase leading down.
An ogre comes into view. It is wielding a giant spiked club.
The ogre shouts!
Found 18 gold pieces.
Found an escape hatch in the ceiling.
Found 14 poisoned needles.
You see here a scroll of amnesia.
An adder comes into view.
The adder hisses angrily.
You barely miss the ogre.
The ogre hits you with a giant spiked club.
You completely miss the ogre.
The ogre hits you with a giant spiked club!!
Ouch! That really hurt!
You die...

. ......... ..
........# ##########..
...$....# #...........
........# #...........
.......S# #...........
........# #.........##
(.....O.#####.........#
.....>.@..............#
.......?..###.........#
..........# #.........#
####......#
#.........## #......#
#########..# ##.#####
##.# ## #. #.# .. .<
#.# #.##############
#..


You could see an ogre and an adder.

Vanquished Creatures
  2 adders
  An ooze (D:3)
  A worm (D:2)
  2 dart slugs (D:1)
  4 bats
  4 giant cockroaches (D:1)
  5 hobgoblins
  2 jackals (D:2)
  5 kobolds
  A quokka (D:3)
  A ball python (D:1)
  3 frilled lizards
  3 goblins
  4 rats
38 creatures vanquished.

Vanquished Creatures (others)
  A kobold (D:2)
1 creature vanquished.

Grand Total: 39 creatures vanquished

Notes
Turn   | Place    | Note
-------+----------+-------------------------------------------
     0 | D:1      | wilfster70 the Demonspawn Gladiator began the quest for the Orb.
     0 | D:1      | Reached XP level 1. HP: 16/16 MP: 1/1
   229 | D:1      | Gained mutation: You are surrounded by a mild repulsion field. (EV +2) [demonic ancestry]
   229 | D:1      | Reached XP level 2. HP: 22/22 MP: 2/2
   891 | D:2      | Reached skill level 1 in Armour
   891 | D:2      | Reached XP level 3. HP: 22/28 MP: 3/3
  1045 | D:2      | Found a stormy altar of Qazlal.
  1051 | D:2      | Became a worshipper of Qazlal Stormbringer
  1295 | D:2      | Found a white marble altar of Elyvilon.
  1619 | D:3      | Found a blossoming altar of Fedhas.
  1619 | D:3      | Found a glowing silver altar of Zin.
  1752 | D:3      | Noticed an ogre
  1757 | D:3      | Slain by an ogre

Skill      XL: |  1  2 |
---------------+-------+-----
Staves         | 3 |  3.5
Armour         | 1 |  1.2
Dodging        | 3 |  3.1
Fighting       | |  2.5
Throwing       | |  1.7

Action                   || total
-------------------------++-------
Melee: Quarterstaff      ||   120
 Fire: Hunting sling     ||     3
  Use: Scroll            ||    11
  Eat: Chunk             ||     3
Armor: Leather armour    ||    24
Dodge: Dodged            ||    88
